 Dungeon Crawl Stone Soup version 0.31-a0-202-g547052bce9 (webtiles) character file.

Game seed: 18099041757631593834

9874 gelatine the Cleaver (level 11, -5/83 HPs)
             Began as a Demonspawn Fighter on June 26, 2023.
             Slain by a seven-headed hydra (8 damage)
             ... on level 2 of the Lair of Beasts on June 27, 2023.
             The game lasted 00:23:32 (7696 turns).

gelatine the Cleaver (Demonspawn Fighter)           Turns: 7696, Time: 00:23:32

Health: -5/83      AC: 12    Str: 26    XL:     11   Next: 28%
Magic:  11/11      EV: 14    Int:  8    God:
Gold:   524        SH:  5    Dex: 12    Spells: 10/10 levels left

rFire   . . .        t - +2 halberd "Ucsapor" {vamp, rC+ rCorr Int-3}
rCold   + . .        (shield currently unavailable)
rNeg    . . .        b - +0 steam dragon scales
rPois   .            (no helmet)
rElec   .            (no cloak)
rCorr   +            w - +0 pair of gloves
SInv    .            G - +0 pair of boots
Will    .....        k - amulet of reflection
Stlth   ++           z - +6 ring of strength
HPRegen 0.33/turn    (no ring)
MPRegen 0.12/turn

%: reflection
@: lethally poisoned (-5 -> -11)
A: molten scales 2, powered by death 1, demonic magic 1, demonic touch 2
a: no special abilities


You were on level 2 of the Lair of Beasts.
You visited 3 branches of the dungeon, and saw 11 of its levels.

You collected 524 gold pieces.

Inventory:

Hand Weapons
 a - a +0 war axe
 s - the +5 hand axe of Cussaja {spect, rPois rF++ rCorr Dex-2}
   (You found it on level 4 of the Dungeon)

   Dex:       It affects your dexterity (-2).
   rF:        It greatly protects you from fire.
   rPois:     It protects you from poison.
   rCorr:     It protects you from acid and corrosion.
 t - the +2 halberd "Ucsapor" (weapon) {vamp, rC+ rCorr Int-3}
   (You found it on level 4 of the Dungeon)

   Int:       It affects your intelligence (-3).
   rC:        It protects you from cold.
   rCorr:     It protects you from acid and corrosion.
Missiles
 H - 5 boomerangs
 J - a throwing net
Armour
 b - +0 steam dragon scales (worn)
 c - a +0 buckler
 r - a +0 chain mail
 w - a +0 pair of gloves (worn)
 G - a +0 pair of boots (worn)
Jewellery
 k - an amulet of reflection (around neck)
 z - a +6 ring of strength (left hand)
Wands
 o - a wand of digging (5)
 A - a wand of iceblast (1) (quivered)
Scrolls
 e - 12 scrolls of identify {unknown}
 i - 2 scrolls of fear {unknown}
 j - 2 scrolls of teleportation {unknown}
 l - 3 scrolls of fog {unknown}
 m - a scroll of blinking {unknown}
 p - a scroll of silence {unknown}
 q - 3 scrolls of immolation {unknown}
 y - a scroll of enchant armour {unknown}
 E - a scroll of revelation {unknown}
 F - a scroll of summoning {unknown}
 I - a scroll of poison {unknown}
Potions
 d - a potion of might
 f - 4 potions of curing {unknown}
 g - 3 potions of haste {unknown}
 h - 3 potions of mutation {unknown}
 n - 3 potions of degeneration {unknown}
 u - a potion of brilliance {unknown}
 v - a potion of heal wounds {unknown}
 x - a potion of lignification {unknown}
 B - a potion of magic {unknown}
 C - a potion of ambrosia {unknown}
 D - a potion of invisibility {unknown}
 K - a potion of enlightenment {unknown}
Miscellaneous
 L - a phantom mirror (inert)


   Skills:
 * Level 6.5 Fighting
 * Level 10.4 Axes
 * Level 7.4 Armour
 * Level 6.1 Dodging
 + Level 2.3 Stealth
 * Level 7.0 Shields
 + Level 1.1 Evocations


You had 10 spell levels left.
You didn't know any spells.
Your spell library contained the following spells:

 Spells                   Type           Power      Damage    Failure   Level
 Freeze                   Ice            0%         1d3       41%         1
 Sandblast                Erth           0%         2d4       41%         1
 Passwall                 Tmut/Erth      0%         N/A       54%         2
 Poisonous Vapours        Pois/Air       0%         N/A       54%         2
 Frozen Ramparts          Ice            0%         1d1       78%         3
 Hailstorm                Conj/Ice       0%         3d3       78%         3
 Mephitic Cloud           Conj/Pois/Air  0%         N/A       78%         3
 Stone Arrow              Conj/Erth      0%         3d7       78%         3
 Volatile Blastmotes      Fire/Tloc      0%         2d10      78%         3
 Fulminant Prism          Conj/Hex       0%         3d5       99%         4
 Iskenderun's Mystic Bla  Conj/Tloc      0%         2d3       99%         4
 Blade Hands              Tmut           0%         N/A       100%        5
 Freezing Cloud           Conj/Ice/Air   0%         6-21      100%        5
 Irradiate                Conj/Tmut      0%         3d11      100%        5
 Lee's Rapid Deconstruct  Erth           0%         3d4*      100%        5
 Dragon Form              Tmut           0%         N/A       100%        7


Dungeon Overview and Level Annotations

Branches:
Dungeon (8/15)             Temple (1/1) D:5            Lair (2/5) D:8
  Swamp: Lair:2-3    Shoals: Lair:2-3     Snake: Lair:2-3    Spider: Lair:2-3

Altars:
Ashenzari
Cheibriados
Dithmenos
Fedhas
Hepliaklqana
Makhleb
Nemelex Xobeh
Okawaru
Ru
Trog
Uskayaw
Vehumet
Wu Jian
Yredelemnul
Lugonu

Shops:
D:4 :   D:5 =

Portals:
Abyss: D:4


Innate Abilities, Weirdness & Mutations

You are mostly covered in molten scales. (AC +3)
You regenerate a little health from kills.
Spells you cast may paralyse adjacent enemies.
Your touch may inflict irresistible damage on your foes.


Message History

You feel better.
The seven-headed hydra is moderately wounded.
You feel sick. The blink frog hits you.
The blink frog blinks!
The cane toad stings you but does no damage.
The seven-headed hydra barely misses you. x2
The seven-headed hydra misses you.
The seven-headed hydra bites you but does no damage. x2
The seven-headed hydra bites you! The seven-headed hydra misses you.
A water moccasin comes into view.
The blink frog blinks!
The cane toad stings you!
You are more poisoned.
The cane toad poisons you!
You feel very sick.
The blink frog blinks!
The seven-headed hydra attacks as you move away!
The seven-headed hydra bites you.
* * * LOW HITPOINT WARNING * * *
The seven-headed hydra completely misses you.
The seven-headed hydra barely misses you.
The seven-headed hydra bites you but does no damage.
The seven-headed hydra misses you.
The seven-headed hydra barely misses you.
The seven-headed hydra bites you!
* * * LOW HITPOINT WARNING * * *
The blink frog attacks as you move away!
The blink frog completely misses you.
* * * LOW HITPOINT WARNING * * *
You feel very sick.
The blink frog blinks!
* * * LOW HITPOINT WARNING * * *
You feel very sick.
The blink frog blinks!
Aiming: Phantom Mirror
Press: ? - help, Q - select action, (/) - cycle Dir - move target, f - seven-headed hydra
Aim: a seven-headed hydra (moderately wounded)
You reflect the seven-headed hydra with the mirror!
The mirror clouds!
* * * LOW HITPOINT WARNING * * *
You feel sick.
The blink frog blinks!
The seven-headed hydra bites you!
You die...

...............$
)............>.
........§......
.....F......#
...........# #######
........#..###.....##
....§...§.###..†....##
.......#FD##.........#
........D.@#.........#
.......P........<....#
.......F..##.........#
..........##.........#
.......##.###....P..##
..... #.# ##.....##
..... #.. ####### ....
#.. ... ...


You could see a seven-headed hydra (ally target), a cane toad, 2 blink frogs and
a friendly seven-headed hydra (summoned, drained).

Vanquished Creatures
  Pikel (D:6)
  4 elephants (Lair:1)
  2 black mambas
  2 cane toads (Lair:1)
  2 komodo dragons
  7 blink frogs (Lair:1)
  10 yaks
  A basilisk (Lair:1)
  A steam dragon (D:8)
  6 water moccasins
  An ice beast (D:6)
  6 black bears
  An ogre (D:5)
  A sky beast (D:4)
  2 orc warriors (D:8)
  A centaur (D:6)
  2 kobold brigands
  3 lemures (D:6)
  8 bullfrogs
  3 scorpions
  4 killer bees
  A howler monkey (D:5)
  2 hounds
  5 orc priests
  2 jellies
  4 iguanas
  2 orc wizards
  2 sleepcaps (D:6)
  A gnoll (D:8)
  12 adders
  2 white imps
  An ufetubus (D:6)
  4 worms (D:2)
  3 dart slugs
  30 orcs
  2 bats
  13 endoplasms
  3 giant cockroaches
  9 goblins
  7 hobgoblins
  3 jackals (D:2)
  A quokka (D:3)
  7 ball pythons
  A frilled lizard (D:2)
  12 kobolds
  3 rats
200 creatures vanquished.

Vanquished Creatures (others)
  2 gnolls (D:8)
  2 lurking horrors (D:4)
  A spectral weapon (Lair:1)
5 creatures vanquished.

Grand Total: 205 creatures vanquished

Notes
Turn   | Place    | Note
-------+----------+-------------------------------------------
     0 | D:1      | gelatine the Demonspawn Fighter began the quest for the
                  | Orb.
     0 | D:1      | Reached XP level 1. HP: 18/18 MP: 1/1
   391 | D:1      | Gained mutation: Your touch may inflict minor irresistible
                  | damage on your foes. [demonic ancestry]
   391 | D:1      | Reached XP level 2. HP: 24/24 MP: 2/2
   542 | D:1      | Reached skill level 2 in Axes
  1044 | D:2      | Reached XP level 3. HP: 29/29 MP: 3/3
  1320 | D:2      | Reached skill level 3 in Axes
  1320 | D:2      | Gained mutation: You are partially covered in molten
                  | scales. (AC +2) [demonic ancestry]
  1320 | D:2      | Reached XP level 4. HP: 35/35 MP: 4/4
  1794 | D:3      | Noticed a +0 falchion
  1795 | D:3      | Noticed a +0 falchion
  1795 | D:3      | Noticed a +0 dagger
  1795 | D:3      | Noticed a +0 spear
  1796 | D:3      | Noticed a +0 short sword
  1870 | D:3      | Found a hide-covered altar of Uskayaw.
  1872 | D:3      | Noticed a +0 short sword
  1873 | D:3      | Noticed a +0 dagger
  1873 | D:3      | Noticed a +0 spear
  2028 | D:3      | Reached skill level 1 in Dodging
  2045 | D:3      | Reached XP level 5. HP: 30/41 MP: 5/5
  2404 | D:4      | Reached skill level 4 in Axes
  2681 | D:4      | Identified the +5 hand axe of Cussaja {spect, rPois rF++
                  | rCorr Dex-2}
  2721 | D:4      | Identified the +2 halberd "Ucsapor" {vamp, rC+ rCorr Int-3}
  2839 | D:4      | Found a one-way gate to the infinite horrors of the Abyss.
  2841 | D:4      | Found a corrupted altar of Lugonu.
  2849 | D:4      | Reached XP level 6. HP: 25/47 MP: 6/6
  3127 | D:4      | Found Caschae's Book Emporium.
  3498 | D:4      | Noticed a sky beast
  3549 | D:4      | Killed a sky beast
  3550 | D:4      | Reached skill level 5 in Axes
  3550 | D:4      | Reached XP level 7. HP: 53/53 MP: 7/7
  3596 | D:5      | Entered Level 5 of the Dungeon
  3636 | D:5      | Found a staircase to the Ecumenical Temple.
  3667 | Temple   | Entered the Ecumenical Temple
  4007 | D:5      | Found a bloodstained altar of Trog.
  4035 | D:5      | Gained mutation: Your touch may inflict irresistible damage
                  | on your foes. [demonic ancestry]
  4035 | D:5      | Reached XP level 8. HP: 52/60 MP: 8/8
  4237 | D:5      | Reached skill level 6 in Axes
  4340 | D:5      | Reached skill level 5 in Armour
  4402 | D:5      | Found Voraru Haah's Jewellery Boutique.
  4450 | D:5      | Found a burning altar of Makhleb.
  4450 | D:5      | Noticed an Executioner
  4644 | D:6      | Noticed Pikel
  4657 | D:6      | Killed Pikel
  4658 | D:6      | Reached skill level 1 in Stealth
  4663 | D:6      | Reached skill level 7 in Axes
  4692 | D:6      | Gained mutation: You regenerate a little health from kills.
                  | [demonic ancestry]
  4692 | D:6      | Reached XP level 9. HP: 53/67 MP: 9/9
  4944 | D:6      | Reached skill level 5 in Shields
  5586 | D:7      | Reached skill level 5 in Fighting
  5676 | D:7      | Identified the +6 quarterstaff "Roroigar" {elec, Drain Fly
                  | rN+ Will+}
  6179 | D:8      | Reached skill level 8 in Axes
  6515 | D:8      | Found a broken altar of Ashenzari.
  6530 | D:8      | Found a staircase to the Lair.
  6536 | D:8      | Gained mutation: Spells you cast may paralyse adjacent
                  | enemies. [demonic ancestry]
  6536 | D:8      | Reached XP level 10. HP: 68/74 MP: 10/10
  6547 | Lair:1   | Entered Level 1 of the Lair of Beasts
  6565 | Lair:1   | Reached skill level 5 in Dodging
  6593 | Lair:1   | Reached skill level 9 in Axes
  6735 | Lair:1   | Identified the +3 spear of Fortitude {flame, Will+ Int+2}
  6863 | Lair:1   | Noticed an elephant
  6867 | Lair:1   | Noticed an elephant
  6868 | Lair:1   | Noticed an elephant
  6869 | Lair:1   | Noticed an elephant
  6874 | Lair:1   | Killed an elephant
  6874 | Lair:1   | Killed an elephant
  6875 | Lair:1   | Killed an elephant
  6881 | Lair:1   | Killed an elephant
  7032 | Lair:1   | Reached skill level 10 in Axes
  7032 | Lair:1   | Gained mutation: You are mostly covered in molten scales.
                  | (AC +3) [demonic ancestry]
  7032 | Lair:1   | Reached XP level 11. HP: 81/81 MP: 11/11
  7207 | Lair:1   | Reached skill level 1 in Evocations
  7656 | Lair:2   | Noticed a five-headed hydra
  7696 | Lair:2   | HP: 3/83 [poisoned by a cane toad]
  7696 | Lair:2   | Slain by a seven-headed hydra

Illustrated notes

Levels and vault maps discovered:
D:1:      lemuel_arrival_broad_hall, layout_loops_corners
D:2:      layout_loops_cross
D:3:      layout_loops_ring, nicolae_uskayaw_en_pointe, grunt_decor_cap
D:4:      minmay_clustersquares, layout_gridville, serial_shops, shop,
          amcnicky_altar_lugonu_corruption
D:5:      layout_gridville, makhleb_altar_promises_db,
          mainiacjoe_overflow_small_starburst, minmay_temple_entry_statues,
          serial_shops, nicolae_shop_pleasant_corner_grove,
          minmay_misc_feat_square, minivault_4, corexii_checkpoint_a,
          minmay_misc_feat_columns
D:6:      layout_basic, tso_metal_star, hex_tiny, corner_web_ring,
          kb_lookout_dungeons_type, uniq_pikel
D:7:      layout_gridville
D:8:      layout_cave_pools, grunt_temple_overflow_gold_and_silver,
          kennysheep_mini, grunt_lair_entry_orc_guard_hut
Temple:   chequers_temple_sunken
Lair:1:   layout_misc_corridors, serial_bayou_ford_a, grunt_forest_stairs_basic,
          grunt_megastairs_2
Lair:2:   nzn_winding_woodlands_medium [nzn_winding_woodlands_5x5_checkerboard,
          nzn_winding_woodlands_5x15_default, nzn_winding_woodlands_5x5_three,
          nzn_winding_woodlands_5x5_default, nzn_winding_woodlands_center_lodge,
          nzn_winding_woodlands_5x5_cross, nzn_winding_woodlands_5x5_open_star,
          nzn_winding_woodlands_5x15_sidewinder,
          nzn_winding_woodlands_5x5_default], layout_big_grid,
          nicolae_shoals_entry_roost, cheibrodos_lair_reptile_den

Skill      XL: |  1  2  3  4  5  6  7  8  9 10 11 |
---------------+----------------------------------+-----
Axes           | 2 3 4 5 7 8 10 | 10.4
Armour         | 3 4 5 6 7 |  7.4
Shields        | 3 4 5 6 7 |  7.0
Dodging        | 1 2 3 4 5 6 |  6.1
Fighting       | 4 5 6 |  6.5
Stealth        | 1 2 |  2.3
Evocations     | 1 |  1.1

Action                     |  1- 3 |  4- 6 |  7- 9 | 10-12 || total
---------------------------+-------+-------+-------+-------++-------
  Melee: War axe           |    89 |   108 |       |       ||   197
         Hand axe          |       |    38 |   235 |    96 ||   369
         Halberd           |       |       |       |     5 ||     5
  Evoke: Wand              |       |       |       |     8 ||     8
         Phantom mirror    |       |       |       |     1 ||     1
   Stab: Distracted        |       |     1 |     2 |     2 ||     5
 Armour: Scale mail        |    39 |    40 |       |       ||    79
         Chain mail        |       |    18 |    70 |       ||    88
         Steam dragon scal |       |       |    19 |    28 ||    47
  Dodge: Dodged            |    33 |    46 |    62 |    37 ||   178
  Block: Buckler           |    27 |    56 |    84 |    34 ||   201
         Reflection        |       |     4 |     9 |       ||    13
         Other             |       |       |       |     4 ||     4

Table legend: (Time is in decaauts)
 A = Elapsed time spent in this place.
 B = Non-inter-level travel time spent in this place.
 C = Inter-level travel time spent in this place.
 D = Time resting spent in this place.
 E = Time spent auto-exploring this place.
 F = Levels seen in this place.
 G = Mean time per level.
                   A        B        C        D        E       F      G
               +--------+--------+--------+--------+--------+-----+--------+
         Total |   7808 |   7525 |    283 |      0 |   6191 |  11 |  709.8 |
       Dungeon |   6418 |   6210 |    208 |      0 |   5095 |   8 |  802.2 |
        Temple |    244 |    228 |     16 |      0 |    220 |   1 |  244.0 |
          Lair |   1145 |   1087 |     58 |      0 |    876 |   2 |  572.5 |
               +--------+--------+--------+--------+--------+-----+--------+

Top non-repeatable levels by time:
     D:4: 1270 daAuts
  Lair:1: 967 daAuts
     D:1: 861 daAuts
     D:5: 830 daAuts
     D:6: 827 daAuts
     D:2: 772 daAuts
     D:3: 769 daAuts
     D:8: 569 daAuts
     D:7: 516 daAuts
  Temple: 244 daAuts
  Lair:2: 177 daAuts
